 Dungeon Crawl Stone Soup version 0.29-a0-559-g359e09b9d1 (webtiles) character file.

Game seed: 9706638240644897169

912 Essalna the Insei (level 7, 0/60 HPs)
             Began as a Yellow Draconian Transmuter on June 10, 2022.
             Was a Follower of Qazlal.
             Succumbed to a hornet's poison
             ... while paralysed by a hornet
             ... on level 5 of the Dungeon.
             The game lasted 00:09:36 (5409 turns).

Essalna the Insei (Yellow Draconian Transmuter)     Turns: 5409, Time: 00:09:37

Health: 0/60       AC:  6    Str: 12    XL:     7   Next: 82%
Magic:  10/10      EV:  2    Int: 21    God:    Qazlal [*.....]
Gold:   117        SH:  0    Dex: 12    Spells: 5/10 levels left

rFire   . . .      SeeInvis .     - Unarmed
rCold   . . .      Faith    .   (no shield)
rNeg    + . .      Spirit   .   (body armour unavailable)
rPois   .          Reflect  .   (helmet currently unavailable)
rElec   .          Harm     .   (no cloak)
rCorr   +          Rampage  .   (no gloves)
Will    .....                   (boots currently unavailable)
Stlth   +.........              (no amulet)
HPRegen 0.20/turn               m - +6 ring of intelligence
MPRegen 0.12/turn               o - ring of positive energy

@: paralysed, lethally poisoned (0 -> -1), short of breath, appendages, hasted
A: horns 2, talons 2, spit acid, AC +6, unfitting armour, cold-blooded, acid
resistance
a: Breathe Acid, End Transformation, Renounce Religion


You were on level 5 of the Dungeon.
You worshipped Qazlal.
Qazlal was aware of your devotion.
You had temporarily grown beastly horns and talons.
You visited 1 branch of the dungeon, and saw 5 of its levels.

You collected 117 gold pieces.

Inventory:

Armour
 g - a scarf of invisibility
Jewellery
 m - a +6 ring of intelligence (left hand)
 o - a ring of positive energy (right hand)
 s - a ring of positive energy
Scrolls
 b - a scroll of magic mapping
 d - 2 scrolls of fear
 e - 2 scrolls of teleportation
 f - a scroll of amnesia
 i - a scroll of blinking
 n - a scroll of summoning {unknown}
 p - a scroll of acquirement {unknown}
 q - a scroll of enchant weapon
 r - a scroll of brand weapon {unknown}
Potions
 a - 2 potions of lignification
 c - a potion of attraction {unknown}
 h - a potion of heal wounds
 j - a potion of curing {unknown}
 l - a potion of brilliance {unknown}


   Skills:
 + Level 4.4 Fighting
 + Level 4.0 Dodging
 + Level 5.0 Unarmed Combat
 - Level 2.0 Spellcasting
 + Level 4.5 Transmutations
 + Level 3.2 Ice Magic


You had 5 spell levels left.
You knew the following spells:

 Your Spells              Type           Power      Damage    Failure   Level
a - Beastly Appendage     Tmut           42%        N/A       2%          1
b - Ice Form              Ice/Tmut       18%        N/A       30%         4

Your spell library contained the following spells:

 Spells                   Type           Power      Damage    Failure   Level
 Wereblood                Tmut           21%        N/A       3%          2
 Freeze                   Ice            60%        1d8       4%          1
 Frozen Ramparts          Ice            30%        1d5       12%         3
 Spider Form              Tmut/Pois      11%        N/A       17%         3
 Tukima's Dance           Hex            2%         N/A       41%         3
 Hailstorm                Conj/Ice       8%         3d4       58%         4
 Animate Dead             Necr           2%         N/A       82%         4
 Passage of Golubria      Tloc           2%         N/A       82%         4
 Yara's Violent Unravell  Hex/Tmut       5%         3d4       85%         5
 Haunt                    Necr/Summ      1%         N/A       100%        7
 Infestation              Necr           1%         N/A       100%        8


Dungeon Overview and Level Annotations

Branches:
Dungeon (5/15)             Temple (0/1) D:4

Altars:
Elyvilon
Qazlal
Uskayaw
Beogh


Innate Abilities, Weirdness & Mutations

You have temporarily grown beastly horns and talons.
You can spit globs of acid.
Your golden yellow scales are hard. (AC +6)
You cannot fit into any form of body armour.
You are cold-blooded and may be slowed by cold attacks.
You are resistant to acid. (rCorr)


Message History

You headbutt the hornet, but do no damage.
You tail-slap the hornet, but do no damage.
The hornet is moderately wounded.
You feel yourself speed up.
You feel sick.
The centaur hits you but does no damage.
The centaur barely misses you.
The hornet stings you but does no damage.
The centaur hits you but does no damage.
The centaur misses you.
You barely miss the hornet. Your kick misses the hornet.
The hornet is moderately wounded.
You feel sick.
The hornet stings you but does no damage.
You hit the hornet. You claw the hornet, but do no damage.
The hornet is heavily wounded.
You feel sick. You block the centaur's attack. The centaur kicks you.
* * * LOW HITPOINT WARNING * * *
The hornet barely misses you.
You punch the hornet! You tail-slap the hornet.
The hornet is severely wounded.
The centaur closely misses you. x2; The hornet stings you.
* * * LOW HITPOINT WARNING * * *
You feel yourself slow down.
You feel much better.
You feel sick. The centaur hits you.
The centaur kicks you but does no damage.
The hornet stings you!
* * * LOW HITPOINT WARNING * * *
You feel as though you will be slow longer.
The centaur hits you but does no damage.
The centaur kicks you but does no damage.
You hit the hornet. Your kick misses the hornet.
The hornet is severely wounded.
You feel sick. The hornet closely misses you. The centaur barely misses you.
The centaur kicks you but does no damage.
The hornet stings you!
* * * LOW HITPOINT WARNING * * *
You suddenly lose the ability to move!
You feel yourself speed up.
You die...

#.........#
#>........#
#.........#
######
#.........#
.....#
#.........#
.#.#..
#.........#
......
#.#....yc...#
.#.#..
#......@....#
......
##..##.######
.#.#.. #.#
...... #.#
..####
##'##### ###
#......#
######....#..#
#........## #
#.###....#


You could see a hornet and a centaur (corroded).

Vanquished Creatures
  Edmund (D:4)
  A water moccasin (D:4)
  An ice beast (D:5)
  A scorpion (D:5)
  A howler monkey (D:5)
  3 hounds
  An orc priest (D:4)
  Jessica (D:3)
  Terence (D:3)
  2 orc wizards (D:4)
  Natasha (thrice) (D:3)
  Robin (D:3)
  9 adders
  An ufetubus (D:4)
  2 worms (D:2)
  5 dart slugs
  8 orcs
  10 endoplasms
  5 giant cockroaches
  12 goblins
  6 hobgoblins
  3 jackals (D:3)
  3 kobolds
  4 quokkas
  4 ball pythons
  4 bats
  7 frilled lizards
  4 rats
104 creatures vanquished.

Vanquished Creatures (others)
  4 plants (D:4)
4 creatures vanquished.

Grand Total: 108 creatures vanquished

Notes
Turn   | Place    | Note
-------+----------+-------------------------------------------
     0 | D:1      | Essalna the Draconian Transmuter began the quest for the
                  | Orb.
     0 | D:1      | Reached XP level 1. HP: 16/16 MP: 3/3
   230 | D:1      | Reached XP level 2. HP: 23/23 MP: 3/5
   831 | D:2      | Reached XP level 3. HP: 10/29 MP: 4/6
   834 | D:2      | HP: 1/29 [frozen (4)]
  1325 | D:2      | You fall into a shaft and drop 2 floors!
  1410 | D:3      | Noticed Jessica
  1421 | D:3      | Killed Jessica
  1422 | D:3      | Reached XP level 4. HP: 31/36 MP: 5/7
  1427 | D:3      | Learned a level 4 spell: Ice Form
  2122 | D:2      | Found a faded altar of an unknown god.
  2212 | D:2      | Reached XP level 5. HP: 40/42 MP: 6/8
  2258 | D:3      | Noticed Natasha
  2265 | D:3      | Killed Natasha
  2349 | D:3      | Found a stormy altar of Qazlal.
  2370 | D:3      | Became a worshipper of Qazlal Stormbringer
  2378 | D:3      | Noticed Robin
  2380 | D:3      | Reached skill level 1 in Ice Magic
  2399 | D:3      | Killed Robin
  2637 | D:3      | Noticed Terence
  2654 | D:3      | Killed Terence
  2655 | D:3      | Reached skill level 4 in Unarmed Combat
  2663 | D:3      | Noticed Natasha
  2754 | D:3      | Killed Natasha
  3187 | D:3      | Noticed Natasha
  3193 | D:3      | Killed Natasha
  3364 | D:3      | Reached XP level 6. HP: 51/51 MP: 7/9
  4090 | D:4      | Reached * piety under Qazlal
  4246 | D:4      | Noticed Edmund
  4251 | D:4      | Found a staircase to the Ecumenical Temple.
  4394 | D:4      | Noticed a water moccasin
  4409 | D:4      | Killed a water moccasin
  4676 | D:4      | Killed Edmund
  4677 | D:4      | Your scales start taking on a golden yellow colour.
  4677 | D:4      | Reached XP level 7. HP: 48/58 MP: 7/10
  4677 | D:4      | Gained mutation: You are resistant to acid. (rCorr) [Yellow
                  | Draconian growth]
  4782 | D:4      | Found a white marble altar of Elyvilon.
  4959 | D:4      | Found a hide-covered altar of Uskayaw.
  5067 | D:5      | Entered Level 5 of the Dungeon
  5322 | D:5      | Reached skill level 5 in Unarmed Combat
  5397 | D:5      | Noticed a hornet
  5408 | D:5      | HP: 1/60 [hornet (12)]
  5408 | D:5      | Paralysed by a hornet for 1 turns
  5409 | D:5      | Succumbed to a hornet's poison

Illustrated notes

Levels and vault maps discovered:
D:1:      minmay_arrival_shoal_huts, layout_loops_ring
D:2:      layout_rooms, hellmonk_ecumenical_altar_defaced_shrine
D:3:      layout_basic, nicolae_qazlal_scattered_showers, uniq_jessica,
          uniq_terence, uniq_robin, uniq_natasha
D:4:      layout_loops_ring, nicolae_uskayaw_suspiria,
          mainiacjoe_overflow_surrounded_room,
          minmay_temple_entry_gardened_gates, uniq_edmund
D:5:      layout_basic, kennysheep_mini, serial_glass, glass_columns_b,
          glass_columns_b, minmay_misc_feat_chi

Skill      XL: |  1  2  3  4  5  6  7 |
---------------+----------------------+-----
Dodging        | 2 3 4 |  4.0
Fighting       | 2 3 4 |  4.4
Transmutations | 3 4 |  4.5
Ice Magic      | 1 2 3 |  3.2
Unarmed Combat | 4 5 |  5.0
Spellcasting   | |  2.0

Action                   |  1- 3 |  4- 6 |  7- 9 || total
-------------------------+-------+-------+-------++-------
Melee: Unarmed           |    73 |   242 |    34 ||   349
       Headbutt          |     9 |    19 |     6 ||    34
       Kick              |    12 |    63 |    11 ||    86
       Tailslap          |     4 |    35 |     5 ||    44
       Punch             |     1 |     8 |     1 ||    10
 Cast: Beastly Appendage |    22 |    39 |     9 ||    70
 Abil: Breathe Acid      |       |       |     8 ||     8
  Use: Scroll            |       |     8 |       ||     8
       Potion            |       |     1 |     2 ||     3
Armor: Skin              |    22 |    67 |    18 ||   107
Dodge: Dodged            |    48 |   130 |    36 ||   214
Block: Other             |       |     1 |     1 ||     2

Table legend: (Time is in decaauts)
 A = Elapsed time spent in this place.
 B = Non-inter-level travel time spent in this place.
 C = Inter-level travel time spent in this place.
 D = Time resting spent in this place.
 E = Time spent auto-exploring this place.
 F = Levels seen in this place.
 G = Mean time per level.
                   A        B        C        D        E       F      G
               +--------+--------+--------+--------+--------+-----+--------+
         Total |   5375 |   5302 |     73 |     62 |   4439 |   5 | 1075.0 |
       Dungeon |   5375 |   5302 |     73 |     62 |   4439 |   5 | 1075.0 |
               +--------+--------+--------+--------+--------+-----+--------+

Top non-repeatable levels by time:
     D:3: 1991 daAuts
     D:2: 1143 daAuts
     D:4: 1081 daAuts
     D:1: 819 daAuts
     D:5: 339 daAuts
